 Dungeon Crawl Stone Soup version 0.29-a0-92-gee772dd (webtiles) character file.

Game seed: 11948335686938671461

831 Dorkslayer the Slasher (level 7, -5/63 HPs)
             Began as a Deep Dwarf Fighter on Feb 10, 2022.
             Was an Initiate of Gozag.
             Slain by an ogre (10 damage)
             ... on level 5 of the Dungeon.
             The game lasted 00:10:07 (2835 turns).

Dorkslayer the Slasher (Deep Dwarf Fighter)         Turns: 2835, Time: 00:10:08

Health: -5/63      AC: 14    Str: 20    XL:     7   Next: 65%
Magic:  10/10      EV:  6    Int:  8    God:    Gozag
Gold:   344        SH:  5    Dex: 14    Spells: 10/10 levels left

rFire   . . .      SeeInvis +   a - +1 long sword
rCold   + . .      Faith    .   c - +0 buckler
rNeg    . . .      Spirit   .   d - +0 plate armour
rPois   .          Reflect  .   (no helmet)
rElec   .          Harm     .   (no cloak)
rCorr   .          Rampage  .   g - +1 pair of gloves
Will    +....                   (no boots)
Stlth   ..........              (no amulet)
HPRegen 0.00/turn               m - ring of protection from cold
MPRegen 0.12/turn               r - ring of see invisible

@: no status effects
A: damage resistance, heal wounds, sense surroundings 1, no regeneration
a: Heal Wounds, Renounce Religion, Potion Petition, Call Merchant, Bribe Branch


You were on level 5 of the Dungeon.
You worshipped Gozag.
Gozag was aware of your devotion.
You visited 2 branches of the dungeon, and saw 6 of its levels.

You collected 390 gold pieces.
You paid 46 gold pieces to Gozag.

Inventory:

Hand Weapons
 a - a +1 long sword (weapon)
Missiles
 j - 6 poisoned darts
 o - 8 boomerangs (quivered)
Armour
 c - a +0 buckler (worn)
 d - a +0 plate armour (worn)
 g - a +1 pair of gloves (worn)
Jewellery
 m - a ring of protection from cold (left hand)
 r - a ring of see invisible (right hand)
Wands
 k - a wand of charming (9)
 n - a wand of flame (7)
Scrolls
 h - 2 scrolls of teleportation
Potions
 b - 5 potions of curing
 e - a potion of cancellation {unknown}
 f - 2 potions of resistance
 i - a potion of brilliance {unknown}
 l - a potion of flight {unknown}
 q - a potion of lignification {unknown}
 s - 2 potions of might


   Skills:
 + Level 3.8 Fighting
 + Level 4.6 Long Blades
 * Level 0.9 Throwing
 + Level 4.4 Armour
 + Level 1.3 Dodging
 + Level 0.3 Stealth
 + Level 4.0 Shields
 * Level 3.1 Unarmed Combat
 * Level 2.2 Spellcasting
 * Level 3.1 Evocations


You had 10 spell levels left.
You didn't know any spells.
Your spell library was empty.

Dungeon Overview and Level Annotations

Branches:
Dungeon (5/15)             Temple (1/1) D:4

Altars:
Dithmenos
Gozag
Kikubaaqudgha
Makhleb
Okawaru
Sif Muna
Trog
Wu Jian
Yredelemnul

Shops:
D:2 =


Innate Abilities, Weirdness & Mutations

You are resistant to damage.
You can heal yourself by infusing magical energy.
You passively map a small area around you.
You do not regenerate.


Message History

The iguana is moderately wounded.
The iguana bites you but does no damage.
You hit the iguana but do no damage.
The iguana is moderately wounded.
The iguana completely misses you. The iguana barely misses you.
You hit the iguana.
The iguana is heavily wounded.
The iguana bites you.
You closely miss the iguana.
The iguana is heavily wounded.
You block the iguana's attack.
You closely miss the iguana.
The iguana is heavily wounded.
The iguana bites you but does no damage.
You hit the iguana but do no damage.
The iguana is heavily wounded.
The iguana barely misses you.
You slash the iguana!
You kill the iguana!
You now have 344 gold pieces (gained 9).
Found a stone staircase leading up.
You open the door.
There is an open door here.
Things that are here:
a +0 whip; a +0 ring mail An ogre comes into view.
It is wielding a +0 giant club.
Aiming: Throw Flame
Press: ? - help, Shift-Dir - straight line, f - ogre
Aim: an ogre, wielding a +0 giant club (86% to hit)
The puff of flame hits the ogre!
The ogre is moderately wounded.
You hit the ogre.
The ogre is heavily wounded.
The ogre hits you with a +0 giant club!!
* * * LOW HITPOINT WARNING * * *
You hit the ogre.
The ogre is severely wounded.
The ogre hits you with a +0 giant club!
You die...
Your body crumbles into a pile of gold.

....# #...#
#......#######.###..
....# #...#
#.......)...##.# ###
<...# #...#
#......)###)##.# #
##### #####
###.......#.##.# #
#.....#.#.##.#####
#.#.##..#.##....##
#.......#.........
####.#....##.#####
#@...##.#....#
#O#####.###### #.#
#.., , ,,* #.. ..##*
, ### .. ,, , * * *


You could see an ogre.

Vanquished Creatures
  A water moccasin (D:5)
  An ogre (D:5)
  2 phantoms
  2 centaur zombies (D:5)
  3 orc priests
  A gnoll shaman (D:5)
  Jessica (D:3)
  Ijyb (D:3)
  An iguana (D:5)
  5 gnolls
  7 adders
  An ufetubus (D:5)
  2 worms (D:4)
  4 dart slugs
  10 orcs
  5 endoplasms
  6 giant cockroaches
  7 goblins
  4 hobgoblins
  12 jackals
  2 quokkas (D:1)
  9 ball pythons
  3 bats
  4 frilled lizards
  11 kobolds
  7 rats
112 creatures vanquished.

Notes
Turn   | Place    | Note
-------+----------+-------------------------------------------
     0 | D:1      | Dorkslayer the Deep Dwarf Fighter began the quest for the
                  | Orb.
     0 | D:1      | Reached XP level 1. HP: 20/20 MP: 1/1
    91 | D:1      | Reached XP level 2. HP: 27/27 MP: 2/2
   224 | D:1      | Reached skill level 1 in Unarmed Combat
   283 | D:1      | Reached XP level 3. HP: 25/34 MP: 3/3
   358 | D:1      | You fall into a shaft and drop 1 floor!
   465 | D:1      | Found a faded altar of an unknown god.
   595 | D:2      | Found a shimmering blue altar of Sif Muna.
   612 | D:2      | Reached XP level 4. HP: 19/42 MP: 4/4
   892 | D:2      | Found Pyecid's Jewellery Shoppe.
  1155 | D:3      | Noticed Ijyb
  1178 | D:3      | Killed Ijyb
  1179 | D:3      | Reached skill level 1 in Spellcasting
  1179 | D:3      | Reached XP level 5. HP: 26/49 MP: 6/6
  1297 | D:3      | Noticed Jessica
  1303 | D:3      | Killed Jessica
  1545 | D:4      | Noticed a phantom
  1559 | D:4      | Killed a phantom
  1560 | D:4      | Reached skill level 1 in Evocations
  1560 | D:4      | Reached XP level 6. HP: 27/56 MP: 6/8
  1801 | D:4      | Reached skill level 1 in Dodging
  1915 | D:4      | Found a staircase to the Ecumenical Temple.
  1937 | Temple   | Entered the Ecumenical Temple
  2012 | Temple   | Became a worshipper of Gozag Ym Sagoz the Greedy
  2225 | D:5      | Entered Level 5 of the Dungeon
  2292 | D:5      | Noticed a water moccasin
  2299 | D:5      | Killed a water moccasin
  2369 | D:5      | Reached XP level 7. HP: 37/62 MP: 9/9
  2558 | D:5      | HP: 1/62 [ogre (13)]
  2835 | D:5      | Slain by an ogre

Illustrated notes

Levels and vault maps discovered:
D:1:      shiori_shiawase, layout_rooms, hellmonk_ecumenical_altar_lost_god,
          st_stairs_12
D:2:      minmay_evil_eye, layout_basic, basic_altar, serial_shops,
          nicolae_shop_crystal
D:3:      layout_rooms, uniq_ijyb, uniq_jessica
D:4:      layout_rooms, minmay_temple_entry_mini_moons, serial_forest,
          infiniplex_forest_end_1, infiniplex_forest_straight_2,
          infiniplex_forest_lined_room_, infiniplex_forest_lined_room_2,
          kennysheep_generic_room_5
D:5:      layout_basic
Temple:   dpeg_five_rooms_temple

Skill      XL: |  1  2  3  4  5  6  7 |
---------------+----------------------+-----
Unarmed Combat | 1 2 3 |  3.1
Fighting       | 3 |  3.8
Long Blades    | 3 4 |  4.6
Spellcasting   | 1 2 |  2.2
Armour         | 4 |  4.4
Evocations     | 1 2 3 |  3.1
Dodging        | 1 |  1.3
Shields        | 4 |  4.0
Throwing       | |  0.9
Stealth        | |  0.3

Action                   |  1- 3 |  4- 6 |  7- 9 || total
-------------------------+-------+-------+-------++-------
Melee: Long sword        |   105 |   190 |    63 ||   358
Throw: Dart              |       |     1 |       ||     1
 Abil: Heal Wounds       |       |     4 |     2 ||     6
Evoke: Wand              |       |     4 |     1 ||     5
  Use: Scroll            |       |    11 |     1 ||    12
       Potion            |       |       |     1 ||     1
 Stab: Distracted        |       |     1 |       ||     1
Armor: Chain mail        |    67 |   120 |    25 ||   212
       Plate armour      |       |       |    19 ||    19
Dodge: Dodged            |    42 |    55 |    25 ||   122
Block: Buckler           |    20 |    55 |    14 ||    89

Table legend: (Time is in decaauts)
 A = Elapsed time spent in this place.
 B = Non-inter-level travel time spent in this place.
 C = Inter-level travel time spent in this place.
 D = Time resting spent in this place.
 E = Time spent auto-exploring this place.
 F = Levels seen in this place.
 G = Mean time per level.
                   A        B        C        D        E       F      G
               +--------+--------+--------+--------+--------+-----+--------+
         Total |   2933 |   2933 |      0 |      0 |    585 |   6 |  488.8 |
       Dungeon |   2803 |   2803 |      0 |      0 |    560 |   5 |  560.6 |
        Temple |    129 |    129 |      0 |      0 |     25 |   1 |  129.0 |
               +--------+--------+--------+--------+--------+-----+--------+

Top non-repeatable levels by time:
     D:4: 661 daAuts
     D:5: 630 daAuts
     D:1: 563 daAuts
     D:2: 514 daAuts
     D:3: 433 daAuts
  Temple: 129 daAuts
